 Dungeon Crawl Stone Soup version 0.31.0-32-g396128a36d (webtiles) character file.

Game seed: 12631603422602511314

2619 mrblue0 the Skirmisher (level 9, -2/42 HPs)
             Began as a Spriggan Hunter on Mar 19, 2024.
             Was a Follower of Fedhas.
             Slain by a spriggan hatter
             ... wielding a +0 dagger
              (14 damage)
             ... on level 7 of the Dungeon on Mar 25, 2024.
             The game lasted 00:47:39 (8100 turns).

mrblue0 the Skirmisher (Spriggan Hunter)            Turns: 8100, Time: 00:47:40

Health: -2/42      AC:  4    Str:  7    XL:     9   Next: 34%
Magic:  13/13      EV: 24    Int: 11    God:    Fedhas [*.....]
Gold:   324        SH:  0    Dex: 22    Spells: 10/12 levels left

rFire   . . .        G - +0 orcbow
rCold   . . .        (shield currently unavailable)
rNeg    + . .        u - +2 robe {rN+}
rPois   .            (helmet restricted)
rElec   .            (no cloak)
rCorr   .            (gloves unavailable)
SInv    +            (boots unavailable)
Will    +....        B - amulet of magic regeneration
Stlth   +++          (no ring)
HPRegen 0.27/turn    (no ring)
MPRegen 0.53/turn

%: no passive effects
@: very quick
A: very small, no large weapons, unfitting armour, see invisible, speed 3
a: Renounce Religion


You were on level 7 of the Dungeon.
You worshipped Fedhas.
Fedhas was aware of your devotion.
You visited 2 branches of the dungeon, and saw 8 of its levels.
You also visited: Ossuary.

You collected 324 gold pieces.

Inventory:

Hand Weapons
 a - a +0 shortbow
 G - a +0 orcbow (weapon)
Missiles
 m - 10 poisoned darts
 F - 6 curare-tipped darts
Armour
 t - a +1 buckler
 u - a +2 robe of positive energy (worn)
Jewellery
 z - a ring of ice
 B - an amulet of magic regeneration (around neck)
Wands
 A - a wand of polymorph (7)
Scrolls
 b - a scroll of butterflies
 d - a scroll of teleportation
 i - a scroll of fog
 j - a scroll of poison
 k - a scroll of vulnerability
 p - a scroll of amnesia
 q - 2 scrolls of blinking
 w - 3 scrolls of enchant armour
 y - a scroll of torment
 C - a scroll of revelation {unknown}
Potions
 e - a potion of haste
 f - a potion of invisibility
 g - a potion of might
 h - a potion of lignification
 l - 3 potions of enlightenment
 o - 2 potions of curing
 r - 2 potions of magic
 s - a potion of brilliance
 x - a potion of resistance
 E - a potion of ambrosia


   Skills:
 - Level 1.6 Fighting
 * Level 11.3 Ranged Weapons
 + Level 7.9 Dodging
 - Level 4.0 Stealth
 - Level 2.0 Spellcasting
 - Level 3.0 Hexes


You had 10 spell levels left.
You knew the following spells:

 Your Spells              Type           Power      Damage    Failure   Level
a - Jinxbite              Hex            14%        N/A       13%         2

Your spell library contained the following spells:

 Spells                   Type           Power      Damage    Failure   Level
 Sigil of Binding         Hex            7%         N/A       26%         3
 Apportation              Tloc           2%         N/A       28%         1
 Static Discharge         Conj/Air       2%         3-4/arc   41%         2
 Inner Flame              Hex/Fire       4%         N/A       43%         3
 Call Canine Familiar     Summ           1%         N/A       65%         3
 Dimensional Bullseye     Hex/Tloc       2%         N/A       83%         4
 Airstrike                Air            0%         2d(1-17)  96%         4
 Flame Wave               Conj/Fire      1%         2d4       96%         4
 Sticky Flame             Fire/Alch      1%         2d4       96%         4
 Summon Lightning Spire   Summ/Air       1%         N/A       96%         4
 Alistair's Intoxication  Alch           0%         N/A       100%        5
 Chain Lightning          Conj/Air       0%         2d1       100%        9
 Fire Storm               Conj/Fire      0%         6d1       100%        9
 Shatter                  Erth           0%         3d5*      100%        9


Dungeon Overview and Level Annotations

Branches:
Dungeon (7/15)             Temple (1/1) D:5         Ossuary (visited)

Altars:
Ashenzari
Cheibriados
Elyvilon
Fedhas
Gozag
Hepliaklqana
Kikubaaqudgha
Qazlal
Ru
Sif Muna
Uskayaw
Vehumet
Wu Jian
Xom
Yredelemnul
Zin
The Shining One

Shops:
D:3 :

Annotations:
D:4 Duvessa
Temple 4 transporters


Innate Abilities, Weirdness & Mutations

You are very small and have problems with some larger weapons.
You are too small for most types of armour.
You have supernaturally acute eyesight. (SInv)
You cover ground extremely quickly. (Speed+++)


Message History

You feel much better.
The spriggan hatter completely misses you.
Fire: G) +0 orcbow
Press: ? - help, Q - select action, (/) - cycle Shift-Dir - straight line, f/p - spriggan hatter
Aim: a spriggan hatter, wielding a +0 dagger and wearing a +0 robe (almost dead, 36% to hit)
You shoot an arrow.
The arrow closely misses the spriggan hatter.
The spriggan hatter misses you.
Fire: G) +0 orcbow
Press: ? - help, Q - select action, (/) - cycle Shift-Dir - straight line, f/p - spriggan hatter
Aim: a spriggan hatter, wielding a +0 dagger and wearing a +0 robe (almost dead, 36% to hit)
You shoot an arrow. The arrow misses the spriggan hatter.
The spriggan hatter hits you with a +0 dagger.
Aiming: Mindburst
Press: ? - help, Shift-Dir - straight line, f/p - spriggan hatter
Aim: a spriggan hatter, wielding a +0 dagger and wearing a +0 robe (almost dead, chance to affect: 29%)
The spriggan hatter easily resists.
The now-empty wand crumbles to dust.
The spriggan hatter hits you with a +0 dagger.
* * * LOW HITPOINT WARNING * * *
Okay, then.
Press: ? - help, v - describe, . - travel
Here: a spriggan hatter, wielding a +0 dagger and wearing a +0 robe (almost dead)
The floor.
Unknown command.
Fire: G) +0 orcbow
Press: ? - help, Q - select action, (/) - cycle Shift-Dir - straight line, f/p - spriggan hatter
Aim: a spriggan hatter, wielding a +0 dagger and wearing a +0 robe (almost dead, 36% to hit)
You shoot an arrow. The arrow misses the spriggan hatter.
The spriggan hatter hits you with a +0 dagger!
* * * LOW HITPOINT WARNING * * *
Fire: G) +0 orcbow
Press: ? - help, Q - select action, (/) - cycle Shift-Dir - straight line, f/p - spriggan hatter
Aim: a spriggan hatter, wielding a +0 dagger and wearing a +0 robe (almost dead, 36% to hit)
You shoot an arrow.
The arrow barely misses the spriggan hatter.
The spriggan hatter barely misses you.
The spriggan hatter attacks as it pursues you!
The spriggan hatter hits you with a +0 dagger!
You die...
Fedhas appreciates your contribution to the ecosystem.

#.# #.# ..........# #.# #.#
#.# ##.#####..## #. #.# #.#
#.# #.....#
#.####.####.###.###.#
#...........[[..# #.#
###.#........###.#
#.#....###.....#
##.>.....####.###
##...@....# #.#
#####....i....## #.# ####
###..................#
##.#[#.#.###.......########
...#[..'.# ##...####
#..#####.#####.##
#.....)..).....#
#..)..########## #.....#


You could see a spriggan hatter.

Vanquished Creatures
  A water moccasin (D:7)
  An orc warrior (D:6)
  An ice beast (D:6)
  2 black bears
  An ogre (D:5)
  A centaur (D:4)
  A phantom (D:6)
  A bullfrog (D:6)
  A weeping skull (Ossuary)
  A gnoll sergeant (D:4)
  2 scorpions
  2 water moccasin zombies (Ossuary)
  Dowan (D:4)
  9 killer bees
  A howler monkey (D:6)
  A bombardier beetle (D:4)
  2 gnoll boudas (D:6)
  3 hounds
  2 jellies
  An orc priest (D:6)
  3 iguanas
  Terence (D:3)
  7 orc wizards
  2 crocodile zombies (Ossuary)
  3 mummies
  10 gnolls
  10 adders
  A white imp (D:5)
  3 ufetubi
  2 adder zombies (Ossuary)
  9 dart slugs
  3 ribbon worms
  22 orcs
  5 endoplasms
  5 giant cockroaches
  9 gnoll zombies (Ossuary)
  12 goblins
  7 hobgoblins
  6 jackals
  12 kobolds
  A quokka (D:1)
  5 ball pythons
  4 bats
  5 frilled lizards
  A goblin zombie (D:5)
  A hobgoblin zombie (D:5)
  5 jackal zombies (Ossuary)
  2 orc zombies (Ossuary)
  3 rats
194 creatures vanquished.

Notes
Turn   | Place    | Note
-------+----------+-------------------------------------------
     0 | D:1      | mrblue0 the Spriggan Hunter began the quest for the Orb.
     0 | D:1      | Reached XP level 1. HP: 10/10 MP: 2/2
   106 | D:1      | Reached XP level 2. HP: 14/14 MP: 3/3
   131 | D:1      | Found a faded altar of an unknown god.
   505 | D:2      | Reached XP level 3. HP: 18/18 MP: 4/4
   681 | D:2      | Reached skill level 5 in Ranged Weapons
   916 | D:2      | Reached XP level 4. HP: 19/22 MP: 5/5
   948 | D:2      | Learned a level 2 spell: Jinxbite
  1984 | D:3      | Found Issul's Book Shop.
  2046 | D:3      | Noticed Terence
  2139 | D:3      | Killed Terence
  2140 | D:3      | Reached skill level 1 in Hexes
  2241 | D:4      | Noticed a scorpion
  2241 | D:4      | Noticed a gnoll sergeant
  2357 | D:4      | Reached XP level 5. HP: 25/25 MP: 7/7
  2540 | D:3      | Reached skill level 6 in Ranged Weapons
  2620 | D:4      | Reached XP level 6. HP: 30/30 MP: 8/8
  2621 | D:4      | Found a snail-covered altar of Cheibriados.
  2727 | D:3      | Reached skill level 1 in Spellcasting
  3081 | D:3      | Reached skill level 7 in Ranged Weapons
  3456 | D:4      | Reached XP level 7. HP: 22/33 MP: 11/11
  3565 | D:4      | Noticed Dowan
  3698 | D:4      | Reached skill level 8 in Ranged Weapons
  3745 | D:4      | Noticed Duvessa
  3767 | D:4      | Killed Dowan
  4058 | D:5      | Entered Level 5 of the Dungeon
  4290 | D:5      | Found a broken altar of Ashenzari.
  4294 | D:5      | Saw a vision of the Shoals and the Spider Nest.
  4294 | D:5      | Noticed a redback
  4294 | D:5      | Noticed a pharaoh ant
  4294 | D:5      | Noticed an entropy weaver
  4294 | D:5      | Noticed a demonic crawler
  4294 | D:5      | Noticed a demonic crawler
  4294 | D:5      | Noticed a torpor snail
  4294 | D:5      | Noticed a culicivora
  4294 | D:5      | Noticed a steelbarb worm
  4294 | D:5      | Noticed a merfolk aquamancer
  4294 | D:5      | Noticed a wind drake
  4294 | D:5      | Noticed a manticore
  4294 | D:5      | Noticed a skyshark
  4294 | D:5      | Noticed a wind drake
  4294 | D:5      | Noticed a skyshark
  4294 | D:5      | Noticed a merfolk avatar
  4294 | D:5      | Noticed a merfolk
  4294 | D:5      | Noticed a snapping turtle
  4294 | D:5      | Noticed a ghost moth
  4295 | D:5      | Noticed a steelbarb worm
  4295 | D:5      | Noticed a merfolk
  4295 | D:5      | Noticed a jorogumo
  4296 | D:5      | Noticed a steelbarb worm
  4296 | D:5      | Noticed a steelbarb worm
  4296 | D:5      | Noticed a ghost moth
  4311 | D:5      | Noticed a torpor snail
  4525 | D:5      | Found a hide-covered altar of Uskayaw.
  4554 | D:5      | Reached XP level 8. HP: 37/37 MP: 9/12
  4758 | D:5      | Found a sand-covered staircase.
  4769 | Ossuary  | Entered an ossuary
  4800 | Ossuary  | Reached skill level 9 in Ranged Weapons
  5099 | Ossuary  | Reached skill level 5 in Dodging
  5706 | D:5      | Found a shimmering blue altar of Sif Muna.
  6049 | D:5      | Found a staircase to the Ecumenical Temple.
  6060 | Temple   | Found a transporter.
  6060 | Temple   | Found a transporter.
  6060 | Temple   | Found a transporter.
  6060 | Temple   | Found a transporter.
  6060 | Temple   | Entered the Ecumenical Temple
  6096 | Temple   | Became a worshipper of Fedhas Madash
  6141 | D:5      | Reached skill level 10 in Ranged Weapons
  6265 | D:6      | Found a shimmering altar of Xom.
  6302 | D:6      | Found a sacrificial altar of Ru.
  6641 | D:6      | Identified the +0 chain mail of Grottiness {+Blink Fly rC-
                  | rN+}
  6652 | D:6      | Reached XP level 9. HP: 36/42 MP: 13/13
  6902 | D:6      | Reached * piety under Fedhas
  7328 | D:6      | Reached skill level 11 in Ranged Weapons
  7728 | D:7      | HP: 1/42 [poisoned by a killer bee]
  8100 | D:7      | Slain by a spriggan hatter

Illustrated notes

Levels and vault maps discovered:
D:1:      minmay_arrival_four_circles, layout_rooms,
          hellmonk_ecumenical_altar_pennies_from_heaven
D:2:      layout_basic, solitary_fountain, amcnicky_mini_rare_corridor_liquid,
          amcnicky_mini_corridor_feature, chequers_serial_rivers_large_a,
          minmay_close_crescents
D:3:      layout_basic, serial_shops, nicolae_shop_crystal, uniq_terence
D:4:      layout_cave_pools, kennysheep_slug_shrine, minmay_diced_spiral,
          uniq_duvessa
D:5:      layout_loops_cross, grunt_ashenzari_visionary
          [grunt_ashenzari_visionary_shoals, grunt_ashenzari_visionary_spider],
          kennysheep_mini, nicolae_sif_muna_little_library,
          minmay_temple_entry_poolview, nicolae_ossuary_entry_giza
D:6:      layout_loops_cross, mainiacjoe_overflow_catwalk_spiral
D:7:      layout_loops_ring, the_hattery
Temple:   hellmonk_temple_divided_pantheon

Skill      XL: |  1  2  3  4  5  6  7  8  9 |
---------------+----------------------------+-----
Stealth        | 2 3 4 |  4.0
Ranged Weapons | 5 6 7 8 10 11 | 11.3
Hexes          | 1 2 3 |  3.0
Spellcasting   | 2 |  2.0
Dodging        | 4 7 |  7.9
Fighting       | |  1.6

Action                     |  1- 3 |  4- 6 |  7- 9 || total
---------------------------+-------+-------+-------++-------
   Fire: Shortbow          |   112 |   233 |   522 ||   867
         Orcbow            |       |       |    65 ||    65
   Cast: Jinxbite          |       |     4 |    13 ||    17
  Evoke: Wand              |       |       |    16 ||    16
    Use: Scroll            |       |     5 |    16 ||    21
         Potion            |       |     2 |     8 ||    10
 Armour: Robe              |    10 |    24 |    92 ||   126
  Dodge: Dodged            |    30 |    60 |   237 ||   327
